 Dungeon Crawl Stone Soup version 0.19.5 (webtiles) character file.

12 EvilAshe the Gusty (level 2, 0/20 HPs)
             Began as a Draconian Air Elementalist on Apr 21, 2017.
             Slain by Robin
             ... wielding a +0 mace
              (3 damage)
             ... on level 1 of the Dungeon.
             The game lasted 00:02:39 (982 turns).

EvilAshe the Gusty (Draconian Air Elementalist)      Turns: 982, Time: 00:02:39

Health: 0/20       AC:  4    Str: 10    XL:     2   Next: 20%
Magic:  1/5        EV: 12    Int: 15    God:
Gold:   36         SH:  0    Dex: 11    Spells: 2 memorised, 2 levels left

rFire  . . .     SeeInvis .     c - +0 club
rCold  . . .     Gourm    .     (armour unavailable)
rNeg   . . .     Faith    .     (no shield)
rPois  .         Spirit   .     (helmet restricted)
rElec  .         Reflect  .     (no cloak)
rCorr  .         Harm     .     (no gloves)
MR     .....                    (no boots)
Stlth  ++........               (no amulet)
                                (no ring)
                                (no ring)

@: very slightly contaminated, slowed, repel missiles, very slow
A: unfitting armour, cold-blooded, AC +4
a: no special abilities


You were on level 1 of the Dungeon.
You were hungry.

You visited 1 branch of the dungeon, and saw 2 of its levels.

You collected 36 gold pieces.

Inventory:

Hand Weapons
 c - a +0 club (weapon)
Jewellery
 e - an uncursed ring of protection from fire {unknown}
Scrolls
 f - 2 scrolls of identify {unknown}
 g - a scroll of amnesia {unknown}
Books
 a - a book of Air

   Spells                             Type                      Level
   a - Shock                          Conjuration/Air              1
   b - Swiftness                      Charms/Air                   2
   c - Repel Missiles                 Charms/Air                   2
   d - Static Discharge               Conjuration/Air              3
   e - Lightning Bolt                 Conjuration/Air              5
Comestibles
 b - a bread ration
 d - a slice of pizza
 h - 8 chunks of flesh


   Skills:
 + Level 2.1 Dodging
 - Level 1.7 Stealth
 - Level 2.0 Spellcasting
 - Level 1.0 Conjurations
 * Level 3.4 Air Magic


You had 2 spell levels left.
You knew the following spells:

 Your Spells              Type           Power        Failure   Level  Hunger
a - Shock                 Conj/Air       #...         12%         1    #......
r - Repel Missiles        Chrm/Air       #.....       17%         2    ###....


Dungeon Overview and Level Annotations

Branches:
Dungeon (2/15)

Altars:
Trog

Annotations:
D:1 Robin


Innate Abilities, Weirdness & Mutations

Your plain brown scales are hard. (AC +4)
You cannot fit into any form of body armour.
You are cold-blooded and may be slowed by cold attacks.


Message History

You don't have enough magic to cast that spell.
Robin zaps a wand.
You feel as though you will be slow longer.
Robin zaps a wand.
You feel as though you will be slow longer.
Robin zaps a wand.
You resist with significant effort.
Casting: Shock
Confirm with . or Enter, or press ? or * to list all spells.
Aiming: Shock
Press: ? - help, Shift-Dir - straight line, f/p - Robin
Aim: Robin, wielding a mace, wearing an animal skin, wearing a runed helmet and carrying a wand of slowing {zapped: 10} (heavily wounded)
The zap misses Robin.
Robin completely misses you.
You hit Robin.
Robin is severely wounded.
Robin barely misses you. Robin hits you with a mace.
* * * LOW HITPOINT WARNING * * *
You hit Robin.
Robin is almost dead.
Robin hits you with a mace.
You die...

P♣P..P♣#...........#..#######
PPP..♣♣.#.###.##............#
♣.♣PP.♣...............#####.#####
P.PP♣♣♣.......##.#.##.# #........
.P.♣♣♣.#....####.#.##.# #.#.#####
.♣♣#.#.#..))# #.#..#.###.#.# .#
#.#.####>## #.#......#.#.# ##
#.#.# #.g###.##.P.P.#.#.# #.#.#
#.♣.##@##.P♣.♣....# #.#.#
#♣P.##g##PP♣♣♣....# #.#.#
##PP.........P♣P...#
#.#.###...###.####.P♣....##
#.#.##.....##.....P..♣♣P..####
#.......(............PP♣...... ##
#.####.....#####.#.#.....##### .#
#.# ##........#.#.#.#..P# .# #.#
##.#.............### #


You could see Robin.

Vanquished Creatures
  A giant cockroach (D:1)
  4 goblins
  2 hobgoblins (D:1)
  A ball python (D:1)
  A bat (D:1)
  2 kobolds (D:1)
11 creatures vanquished.

Notes
Turn   | Place    | Note
-------+----------+-------------------------------------------
     0 | D:1      | EvilAshe the Draconian Air Elementalist began the quest for the Orb.
     0 | D:1      | Reached XP level 1. HP: 14/14 MP: 3/3
   849 | D:2      | Reached XP level 2. HP: 20/20 MP: 5/5
   857 | D:2      | Learned a level 2 spell: Repel Missiles
   952 | D:2      | Found a bloodstained altar of Trog.
   952 | D:2      | Found a faded altar of an unknown god.
   952 | D:2      | Noticed Robin
   982 | D:1      | Slain by Robin

Skill      XL: |  1 |
---------------+----+-----
Dodging        | 2 |  2.1
Stealth        | |  1.7
Spellcasting   | |  2.0
Conjurations   | |  1.0
Air Magic      | |  3.4

Action                   || total
-------------------------++-------
Melee: Club              ||    23
 Cast: Shock             ||    18
       Repel Missiles    ||     1
Armor: Skin              ||    13
Dodge: Dodged            ||    26
